 Dungeon Crawl Stone Soup version 0.28.0-53-g5a82cb258f (webtiles) character file.

Game seed: 6284312133061934358

226 Zeld the Chopper (level 5, -2/48 HPs)
             Began as a Minotaur Berserker on May 23, 2022.
             Was a Priest of Trog.
             Splashed by a jelly's acid (9 damage)
             ... on level 3 of the Dungeon.
             The game lasted 00:02:13 (2911 turns).

Zeld the Chopper (Minotaur Berserker)               Turns: 2911, Time: 00:02:14

Health: -2/48      AC:  2    Str: 23    XL:     5   Next: 69%
Magic:  4/4        EV: 12    Int:  4    God:    Trog [***...]
Gold:   108        SH:  0    Dex: 10    Spells: 4/4 levels left

rFire   . . .      SeeInvis .   a - +0 hand axe
rCold   . . .      Faith    .   (no shield)
rNeg    . . .      Spirit   .   b - +0 animal skin
rPois   .          Reflect  .   (helmet restricted)
rElec   .          Harm     .   (no cloak)
rCorr   .          Rampage  .   (no gloves)
Will    .....                   (no boots)
Stlth   +.........              (no amulet)
HPRegen 0.16/turn               (no ring)
MPRegen 0.09/turn               (no ring)

@: no status effects
A: horns 2, retaliatory headbutt
a: Renounce Religion, Berserk, Trog's Hand


You were on level 3 of the Dungeon.
You worshipped Trog.
Trog was most pleased with you.
You visited 1 branch of the dungeon, and saw 3 of its levels.

You collected 108 gold pieces.

Inventory:

Hand Weapons
 a - a +0 hand axe (weapon)
Armour
 b - a +0 animal skin (worn)
Scrolls
 d - a scroll of identify {unknown}
 f - a scroll of blinking {unknown}
 g - a scroll of teleportation {unknown}
 h - a scroll of vulnerability {unknown}
Potions
 c - 2 potions of curing {unknown}
 e - 2 potions of degeneration {unknown}


   Skills:
 * Level 5.3 Fighting
 * Level 5.4 Axes
 + Level 3.7 Armour
 + Level 3.3 Dodging


You had 4 spell levels left.
You didn't know any spells.
Your spell library was empty.

Dungeon Overview and Level Annotations

Branches:
Dungeon (3/15)

Altars:


Innate Abilities, Weirdness & Mutations

You have a pair of horns on your head.
You reflexively headbutt those who attack you in melee.


Message History

The endoplasm freezes you.
You are frozen.
The jelly hits you.
You are splashed with acid.
The endoplasm hits the fungus.
You are too injured to fight recklessly!
Unknown command.
You are too injured to fight recklessly!
Unknown command.
Things that are here:
a +0 dagger; 5 poisoned darts You hit the endoplasm.
You kill the endoplasm!
Trog accepts your kill.
You barely miss the jelly.
The jelly is lightly wounded.
The jelly hits you.
You are splashed with acid.
The jelly hits you.
You are splashed with acid!
* * * LOW HITPOINT WARNING * * *
The jelly jiggles.
There is an open door here.
You close the door.
You hear a slurping noise.
The jelly eats the door!
The jelly barely misses you.
Things that are here:
a +0 dagger; a kobold corpse
There is an open gate here.
You are no longer corroded.
You see here a +0 club.
The jelly jiggles.
The jelly closely misses you. You furiously retaliate!
You headbutt the jelly. The jelly hits you.
* * * LOW HITPOINT WARNING * * *
You are splashed with acid!
* * * LOW HITPOINT WARNING * * *
The jelly completely misses you. You furiously retaliate!
You headbutt the jelly. The jelly hits you.
* * * LOW HITPOINT WARNING * * *
You are splashed with acid!
You die...

##.## #.# #.## ##..##
#.# #JJ## # ##...#
##############.###.#.###
###.##
#...<......J.J..##J##.#.
# #.#
#..####J######..##.###J.
# #.# #..# #.#
#..##.##...
###^######..# #J#
#..JJ......
...)........# #J#
##.##.##...
###.######.## #@#
#.##.###.. #........#
#.#######.##.# #..
##########
#............# #..
#########.........
##########


You could see 2 jellies and an endoplasm.

Vanquished Creatures
  An ogre (D:3)
  A jelly (D:3)
  An adder (D:2)
  2 worms
  9 orcs (D:3)
  15 endoplasms
  A giant cockroach (D:2)
  3 goblins
  8 hobgoblins
  6 jackals (D:1)
  8 kobolds
  3 quokkas
  7 ball pythons
  4 bats
  5 frilled lizards
  4 rats
78 creatures vanquished.

Vanquished Creatures (others)
  4 fungi (D:3)
  7 toadstools (D:3)
11 creatures vanquished.

Grand Total: 89 creatures vanquished

Notes
Turn   | Place    | Note
-------+----------+-------------------------------------------
     0 | D:1      | Zeld the Minotaur Berserker began the quest for the Orb.
     0 | D:1      | Reached XP level 1. HP: 19/19 MP: 0/0
   262 | D:1      | Found a faded altar of an unknown god.
   267 | D:1      | Reached XP level 2. HP: 27/27 MP: 1/1
   553 | D:1      | Reached ** piety under Trog
   774 | D:1      | Reached XP level 3. HP: 28/33 MP: 2/2
  1775 | D:3      | Reached XP level 4. HP: 41/41 MP: 3/3
  1782 | D:3      | Identified the +1 ring mail of Duck's Teeth {Contam Regen+
                  | Dex+5}
  2054 | D:3      | Noticed an ogre
  2066 | D:3      | Killed an ogre
  2067 | D:3      | Reached skill level 5 in Fighting
  2067 | D:3      | Reached skill level 5 in Axes
  2067 | D:3      | Reached XP level 5. HP: 12/48 MP: 4/4
  2852 | D:3      | Reached *** piety under Trog
  2911 | D:3      | Splashed by a jelly's acid

Illustrated notes

Levels and vault maps discovered:
D:1:      sevenhm_arrival_forest_fort_small_6, layout_basic,
          shapermc_ecumenical_altar_rom_forum, minmay_tiny_reverse_x
D:2:      layout_basic
D:3:      cheibrodos_fertilizer, layout_loops_ring

Skill      XL: |  1  2  3  4 |
---------------+-------------+-----
Fighting       | 4 5 |  5.3
Axes           | 4 5 |  5.4
Armour         | 3 |  3.7
Dodging        | 3 |  3.3

Action                   |  1- 3 |  4- 6 || total
-------------------------+-------+-------++-------
Melee: Hand axe          |    79 |    62 ||   141
       Headbutt          |    10 |     7 ||    17
       Punch             |     1 |       ||     1
Invok: Berserk           |       |     1 ||     1
 Stab: Sleeping          |     1 |     1 ||     2
Armor: Animal skin       |    19 |     6 ||    25
Dodge: Dodged            |    59 |    32 ||    91
